 Dungeon Crawl Stone Soup version 0.23.2-40-g277498a (webtiles) character file.

Game seed: 17523038602804558998

212 Aphrodieselac the Charmwright (level 5, -7/38 HPs)
             Began as a Merfolk Skald on Aug 29, 2019.
             Blown up by Pikel (9 damage)
             ... with a wand of disintegration (12)
             ... on level 3 of the Dungeon.
             The game lasted 00:14:40 (4212 turns).

Aphrodieselac the Charmwright (Merfolk Skald)       Turns: 4212, Time: 00:14:41

Health: -7/38      AC:  5    Str: 12    XL:     5   Next: 90%
Magic:  8/8        EV: 12    Int: 13    God:
Gold:   162        SH:  0    Dex: 13    Spells: 3/8 levels left

rFire    . . .     SeeInvis .   a - +0 spear
rCold    . . .     Gourm    .   (no shield)
rNeg     . . .     Faith    .   k - +0 leather armour
rPois    +         Spirit   .   (no helmet)
rElec    .         Reflect  .   B - +1 cloak {rPois}
rCorr    .         Harm     .   (no gloves)
MR       .....                  (no boots)
Stlth    +.........             (no amulet)
HPRegen  0.12/turn              (no ring)
MPRegen  0.11/turn              (no ring)

@: no status effects
A: change form in water, swift swim, stealthy swim
a: no special abilities


You were on level 3 of the Dungeon.
You were not hungry.

You visited 1 branch of the dungeon, and saw 4 of its levels.

You collected 162 gold pieces.

Inventory:

Hand Weapons
 a - a +0 spear (weapon)
 b - a +0 hunting sling
Missiles
 j - 71 sling bullets
Armour
 k - a +0 leather armour (worn)
 B - a +1 cloak of poison resistance (worn)
Jewellery
 r - an uncursed ring of resist corrosion {unknown}
Wands
 s - a wand of scattershot (5)
 t - a wand of polymorph (7)
 v - a wand of enslavement (6)
 y - a wand of flame (14)
Scrolls
 e - a scroll of immolation {unknown}
 f - a scroll of enchant armour {unknown}
 i - 2 scrolls of remove curse {unknown}
 m - 4 scrolls of teleportation {unknown}
 o - a scroll of random uselessness {unknown}
 p - 3 scrolls of identify {unknown}
 u - a scroll of enchant weapon {unknown}
 w - a scroll of amnesia {unknown}
Potions
 c - a potion of magic {unknown}
 g - a potion of haste {unknown}
 h - 2 potions of curing
 l - a potion of resistance {unknown}
 n - 4 potions of lignification {unknown}
 q - a potion of might {unknown}
 x - 2 potions of mutation {unknown}
 z - a potion of ambrosia {unknown}
Comestibles
 d - 4 rations


   Skills:
 - Level 2.1 Fighting
 + Level 5.4 Polearms
 - Level 0.6 Armour
 - Level 2.6 Dodging
 - Level 2.0 Spellcasting
 * Level 6.0 Charms


You had 3 spell levels left.
You knew the following spells:

 Your Spells              Type           Power        Failure   Level  Hunger
a - Infusion              Chrm           ###.         2%          1    ##.....
b - Song of Slaying       Chrm           ###.....     4%          2    ###....
c - Shroud of Golubria    Chrm/Tloc      #.........   14%         2    ###....

Your spell library contained the following spells:

 Spells                   Type           Power        Failure   Level  Hunger
 Regeneration             Chrm/Necr      #.........   28%         3    ####...
 Spectral Weapon          Hex/Chrm       #.......     28%         3    ####...


Dungeon Overview and Level Annotations

Branches:
Dungeon (4/15)
 Temple: D:4-7

Altars:
Nemelex Xobeh

Annotations:
D:3 Pikel


Message History

Some of the chunks of flesh in your inventory have rotted away. x2
HP restored.
You climb downwards.
Level annotation: Pikel Pikel shouts!
You hear a shout!
Pikel closely misses you. Pikel hits you but does no damage.
There is a stone staircase leading up here.
Pikel closely misses you.
You climb upwards.
There is a stone staircase leading down here.
Pikel zaps a wand.
You are blasted!
Pikel cracks his whip.
Pikel zaps a wand.
You are blasted!
All of the chunks of flesh in your inventory have rotted away.
Pikel zaps a wand.
You are blasted!
* * * LOW HITPOINT WARNING * * *
Okay, then.
Okay, then.
Pikel zaps a wand.
You are blasted!
You die...

.....##.....# #.#
............# #.#
.....)##....# #.#
.###...[....# #.# ##
#..#.....# #.#
##.##....# #.#
#####.##....# #.#
.......##...#######.#
######..)..>.K..@.#.#
.# ###.......##...#
.## ####....######
..# #.<..# ### #....#
######


You could see Pikel.

Vanquished Creatures
  2 slaves
  Crazy Yiuf (D:3)
  Jessica (D:2)
  Terence (D:3)
  6 adders
  2 worms
  4 dart slugs
  2 orcs (D:3)
  7 bats
  4 giant cockroaches
  6 goblins
  4 hobgoblins
  2 jackals (D:2)
  9 kobolds
  4 quokkas
  9 ball pythons (D:3)
  2 frilled lizards
  4 rats
70 creatures vanquished.

Notes
Turn   | Place    | Note
-------+----------+-------------------------------------------
     0 | D:1      | Aphrodieselac the Merfolk Skald began the quest for the
                  | Orb.
     0 | D:1      | Reached XP level 1. HP: 16/16 MP: 3/3
   276 | D:1      | Reached XP level 2. HP: 10/22 MP: 5/5
   675 | D:1      | Reached skill level 4 in Charms
  1230 | D:2      | Reached XP level 3. HP: 23/27 MP: 6/6
  1492 | D:2      | Found a faded altar of an unknown god.
  2119 | D:2      | Found a sparkling altar of Nemelex Xobeh.
  2119 | D:2      | Noticed Jessica
  2126 | D:2      | Killed Jessica
  2126 | D:2      | Reached XP level 4. HP: 16/33 MP: 3/7
  2329 | D:2      | Reached skill level 5 in Charms
  2337 | D:2      | Learned a level 2 spell: Song of Slaying
  2340 | D:2      | Learned a level 2 spell: Shroud of Golubria
  2744 | D:3      | Noticed Terence
  2873 | D:4      | Noticed a slave
  2873 | D:4      | Noticed Pikel
  2875 | D:4      | Noticed a slave
  2876 | D:4      | Noticed a slave
  2879 | D:4      | Noticed a slave
  2884 | D:3      | Reached XP level 5. HP: 32/38 MP: 8/8
  2984 | D:3      | HP: 1/38 [slave[Pikel] (6)]
  2986 | D:3      | Killed a slave
  3311 | D:3      | Found a runed translucent door.
  3312 | D:3      | Noticed Crazy Yiuf
  3643 | D:3      | Killed Terence
  3643 | D:3      | Reached skill level 5 in Polearms
  3924 | D:3      | Killed Crazy Yiuf
  3924 | D:3      | Reached skill level 6 in Charms
  3982 | D:4      | Killed a slave
  4212 | D:3      | Blown up by Pikel

Skill      XL: |  1  2  3  4  5 |
---------------+----------------+-----
Charms         | 4 5 6 |  6.0
Polearms       | 4 5 |  5.4
Fighting       | |  2.1
Armour         | |  0.6
Dodging        | |  2.6
Spellcasting   | |  2.0

Action                   |  1- 3 |  4- 6 || total
-------------------------+-------+-------++-------
Melee: Spear             |   161 |   192 ||   353
 Cast: Infusion          |     6 |    11 ||    17
       Shroud of Golubri |       |     4 ||     4
 Stab: Sleeping          |     1 |       ||     1
  Eat: Chunk             |     4 |     7 ||    11
Armor: Leather armour    |    36 |    21 ||    57
Dodge: Dodged            |   119 |    90 ||   209
